 Dungeon Crawl Stone Soup version 0.29-a0-284-gf9362112df (webtiles) character file.

Game seed: 15681222964156141164

101270 PaleWalker the Slayer (level 15, -8/162 HPs)
             Began as a Minotaur Berserker on Mar 15, 2022.
             Was an Elder of Trog.
             Mangled by a naga warrior
             ... wielding a +0 glaive
              (11 damage)
             ... on level 3 of the Snake Pit.
             The game lasted 00:44:23 (19439 turns).

PaleWalker the Slayer (Minotaur Berserker)         Turns: 19439, Time: 00:44:24

Health: -8/162     AC: 28    Str: 39    XL:     15   Next: 82%
Magic:  0/14       EV: 10    Int:  4    God:    Trog [****..]
Gold:   1653       SH:  0    Dex: 10    Spells: 14/14 levels left

rFire   + . .      SeeInvis .   c - +6 quarterstaff "Birinad" {vamp, rF+ rC+ Str+4}
rCold   + . .      Faith    .   (shield currently unavailable)
rNeg    . . .      Spirit   +   B - +0 plate armour
rPois   +          Reflect  .   (helmet restricted)
rElec   .          Harm     .   i - +2 cloak
rCorr   .          Rampage  .   h - +2 pair of gloves
Will    +++..                   x - +2 pair of boots
Stlth   ..........              W - amulet of guardian spirit
HPRegen 1.37/turn               s - ring of poison resistance
MPRegen 0.14/turn               S - +6 ring of strength

@: lethally poisoned (-8 -> -9), strong-willed, on berserk cooldown,
regenerating, slowed, constricted, very slow
A: horns 2, retaliatory headbutt
a: Renounce Religion, Berserk, Trog's Hand, Brothers in Arms


You were on level 3 of the Snake Pit.
You worshipped Trog.
Trog was greatly pleased with you.
You visited 3 branches of the dungeon, and saw 19 of its levels.
You also visited: Sewer and Ice Cave.

You collected 1893 gold pieces.
You spent 240 gold pieces at shops.

Inventory:

Hand Weapons
 c - the +6 quarterstaff "Birinad" (weapon) {vamp, rF+ rC+ Str+4}
   (You found it on level 2 of the Dungeon)

   It occasionally heals its wielder for a portion of the damage dealt when it
   wounds a living foe.
   Str:       It affects your strength (+4).
   rF:        It protects you from fire.
   rC:        It protects you from cold.
 p - the +5 trident of the Endless Portals {elec, rN+ Dex+3}
   (You found it in a sewer)

   It occasionally discharges a powerful burst of electricity upon striking a
   foe.
   Dex:       It affects your dexterity (+3).
   rN:        It protects you from negative energy.
Missiles
 G - 5 throwing nets (quivered)
Armour
 h - a +2 pair of gloves (worn)
 i - a +2 cloak (worn)
 x - a +2 pair of boots (worn)
 B - a +0 plate armour (worn)
 H - a +0 tower shield of reflection
 O - a scarf of resistance
Jewellery
 s - a ring of poison resistance (left hand)
 z - a +4 ring of evasion
 D - an amulet of faith
 Q - an amulet of the acrobat
 S - a +6 ring of strength (right hand)
 W - an amulet of guardian spirit (around neck)
 X - a +6 ring of strength
Wands
 e - a wand of paralysis (4)
 y - a wand of flame (28)
 C - a wand of charming (6)
 K - a wand of mindburst (6)
 M - a wand of iceblast (6)
 R - a wand of polymorph (7)
Scrolls
 a - 2 scrolls of enchant armour
 f - 3 scrolls of torment
 g - 3 scrolls of enchant weapon
 k - 3 scrolls of immolation
 o - 3 scrolls of fog
 q - 5 scrolls of vulnerability
 u - 3 scrolls of fear
 A - 3 scrolls of teleportation
 E - 4 scrolls of holy word
 F - 3 scrolls of magic mapping
 I - a scroll of brand weapon
 L - 2 scrolls of silence
 N - 4 scrolls of noise
 T - 3 scrolls of blinking
Potions
 b - a potion of resistance
 j - 2 potions of ambrosia
 l - 3 potions of haste
 m - a potion of lignification
 n - 4 potions of heal wounds
 r - 2 potions of might
 t - a potion of cancellation
 v - a potion of mutation {unknown}
 w - 5 potions of curing
 J - a potion of flight {unknown}
 P - 2 potions of invisibility {unknown}
 U - a potion of magic {unknown}


   Skills:
 + Level 22.7 Fighting
 - Level 4.8 Axes
 - Level 14.0 Staves
 - Level 16.0 Armour
 * Level 13.0 Dodging


You had 14 spell levels left.
You didn't know any spells.
Your spell library was empty.

Dungeon Overview and Level Annotations

Branches:
Dungeon (10/15)            Temple (0/1) D:7            Lair (6/6) D:10
 Shoals (0/4) Lair:2        Snake (3/4) Lair:2        Slime (0/5) Lair:5
    Orc (0/2) D:9           Sewer (visited)           IceCv (visited)

Altars:
Dithmenos
Gozag
Xom
The Shining One
Jiyva

Shops:
D:6 :   Snake:1 (   Snake:2 ?(::(


Innate Abilities, Weirdness & Mutations

You have a pair of horns on your head.
You reflexively headbutt those who attack you in melee.


Message History

You thump the naga warrior! You headbutt the naga warrior!
The naga warrior is severely wounded.
You feel sick.
The naga warrior roars a battlecry!
The naga warrior goes into a battle-frenzy!
The naga warrior spits poison at you.
The splash of poison hits you but does no damage.
You are more poisoned.
You resist. The naga warrior constricts you.
* * * LOW HITPOINT WARNING * * *
You bludgeon the naga warrior!! You headbutt the naga warrior!
You kill the naga warrior!
Trog accepts your kill.
You feel sick.
Your Dodging skill increases to level 13!
You feel very sick.
The naga warrior hits you but does no damage.
The naga warrior grabs you. The naga warrior constricts you.
You see here a guardian serpent corpse.
You closely miss the naga warrior. You headbutt the naga warrior!
The naga warrior is lightly wounded.
You feel sick.
You bludgeon the naga warrior!!
You feel better.
Your headbutt misses the naga warrior.
The naga warrior is moderately wounded.
You feel sick.
You sock the naga warrior!
You feel better.
The naga warrior is heavily wounded.
You are no longer berserk.
You are exhausted.
You feel yourself slow down.
You feel sick.
The naga warrior hits you with a +0 glaive!!!
* * * LOW HITPOINT WARNING * * *
The naga warrior constricts you.
* * * LOW HITPOINT WARNING * * *
You fail to use your ability.
* * * LOW HITPOINT WARNING * * *
You feel very sick.
The naga warrior hits you with a +0 glaive!
You die...

##..N# ....#
....# ...###
#....# #
#....# #
#....# #####
#.N# ##...#
#)@####
#.....
#.....#
##....
##.))..#
##### ..#
#......# #
...##.#.####
......#....#
##
.....#....#
#.
#.....#....#
#.
#...#....###
#.


You could see a naga warrior (strong).

Vanquished Creatures
  Jorgrun (Snake:2)
  Frances (Snake:1)
  3 hydras
  2 boulder beetles (Lair:6)
  14 naga warriors
  A merfolk avatar (Lair:6)
  6 anacondas
  8 two-headed ogres
  11 naga sharpshooters
  5 shock serpents
  Urug (Lair:4)
  2 salamander mystics
  3 sea snakes (Lair:6)
  Lodul (D:10)
  A naga ritualist (Snake:1)
  4 mana vipers (Snake:2)
  A cyclops (D:10)
  2 ugly things (IceCv)
  15 salamanders
  2 manticores (Lair:6)
  9 naga magi
  22 black mambas
  7 guardian serpents
  2 ice statues (IceCv)
  12 elephants (Lair:6)
  An unseen horror (D:10)
  11 cane toads
  6 rime drakes
  14 komodo dragons
  An entropy weaver simulacrum (IceCv)
  3 trolls
  2 wind drakes (Lair:6)
  2 polar bears
  22 blink frogs
  A snapping turtle (Lair:6)
  Sigmund (D:5)
  A shadow (D:9)
  58 yaks
  7 wyverns
  3 basilisks
  4 steam dragons
  A death yak simulacrum (Lair:3)
  54 nagas
  2 wargs (D:9)
  2 acid dragons (D:9)
  14 water moccasins
  Duvessa (D:6)
  3 orc warriors (D:8)
  2 sky beasts
  2 ice beasts
  A black bear (Lair:1)
  4 ogres
  4 centaurs
  26 wolves
  2 phantoms (D:6)
  Blork the orc (D:6)
  3 kobold brigands (D:9)
  18 bullfrogs
  A gnoll sergeant (D:7)
  A necrophage (D:8)
  2 scorpions
  A cane toad simulacrum (Lair:3)
  Dowan (D:6)
  5 killer bees
  5 electric eels
  2 howler monkeys (D:9)
  A jelly (D:5)
  4 hounds
  5 orc priests
  3 gnoll shamans
  Crazy Yiuf (D:6)
  2 iguanas
  9 orc wizards
  4 wolf simulacra
  18 gnolls
  11 adders
  2 shadow imps
  A white imp (D:6)
  2 ufetubi (D:5)
  A worm (D:5)
  4 dart slugs
  29 orcs
  14 ball pythons
  4 bats
  19 endoplasms
  16 giant cockroaches
  7 hobgoblins
  2 jackals (D:1)
  16 quokkas
  12 frilled lizards
  9 goblins
  18 kobolds
  4 rats
649 creatures vanquished.

Vanquished Creatures (others)
  22 fungi
  41 plants
63 creatures vanquished.

Grand Total: 712 creatures vanquished

Notes
Turn   | Place    | Note
-------+----------+-------------------------------------------
     0 | D:1      | PaleWalker the Minotaur Berserker began the quest for the
                  | Orb.
     0 | D:1      | Reached XP level 1. HP: 19/19 MP: 0/0
    26 | D:1      | Reached XP level 2. HP: 23/27 MP: 1/1
   193 | D:1      | Found a faded altar of an unknown god.
   219 | D:1      | Reached skill level 4 in Fighting
   748 | D:2      | Reached XP level 3. HP: 31/33 MP: 2/2
   844 | D:2      | Reached ** piety under Trog
   972 | D:2      | Identified the +6 quarterstaff "Birinad" {vamp, rF+ rC+
                  | Str+4}
  1056 | D:2      | Reached skill level 1 in Staves
  1114 | D:2      | Reached XP level 4. HP: 33/41 MP: 3/3
  1978 | D:3      | Found a glowing drain.
  2059 | Sewer    | Entered a sewer
  2076 | Sewer    | Reached *** piety under Trog
  2090 | Sewer    | Reached XP level 5. HP: 47/47 MP: 4/4
  2143 | Sewer    | Reached skill level 5 in Fighting
  2299 | Sewer    | Reached skill level 5 in Staves
  2299 | Sewer    | Reached XP level 6. HP: 55/56 MP: 5/5
  2312 | Sewer    | Identified the +5 trident of the Endless Portals {elec, rN+
                  | Dex+3}
  2448 | D:3      | Reached **** piety under Trog
  3283 | D:5      | Entered Level 5 of the Dungeon
  3312 | D:5      | Reached skill level 6 in Fighting
  3431 | D:5      | Noticed Sigmund
  3440 | D:5      | Killed Sigmund
  3441 | D:5      | Reached XP level 7. HP: 64/64 MP: 6/6
  3666 | D:5      | Reached skill level 7 in Fighting
  4190 | D:6      | Noticed Blork the orc
  4190 | D:6      | Found Etokoesch's Book Shop.
  4195 | D:6      | Killed Blork the orc
  4196 | D:6      | Reached XP level 8. HP: 73/73 MP: 7/7
  4797 | D:6      | Reached skill level 8 in Fighting
  4878 | D:6      | Noticed Dowan
  4879 | D:6      | Noticed Duvessa
  4886 | D:6      | Reached skill level 10 in Staves
  4889 | D:6      | Killed Dowan
  4890 | D:6      | Killed Duvessa
  4931 | D:6      | Found a runed translucent door.
  4932 | D:6      | Noticed Crazy Yiuf
  4936 | D:6      | Killed Crazy Yiuf
  5135 | D:7      | Found a staircase to the Ecumenical Temple.
  5224 | D:7      | Found a glowing golden altar of the Shining One.
  5239 | D:7      | Reached XP level 9. HP: 82/82 MP: 8/8
  5271 | D:7      | Reached skill level 9 in Fighting
  5509 | D:7      | Found a shimmering altar of Xom.
  5605 | D:7      | Found an opulent altar of Gozag.
  5890 | D:8      | Noticed a centaur warrior
  5917 | D:8      | Reached skill level 10 in Fighting
  5977 | D:8      | Reached ***** piety under Trog
  6227 | D:8      | Reached XP level 10. HP: 87/94 MP: 9/9
  6550 | D:9      | Found a shadowy altar of Dithmenos.
  6580 | D:9      | Reached skill level 11 in Fighting
  6602 | D:9      | Noticed a two-headed ogre
  6616 | D:9      | Killed a two-headed ogre
  6635 | D:9      | Reached skill level 5 in Armour
  6710 | D:9      | Found a staircase to the Orcish Mines.
  6717 | D:9      | Noticed a two-headed ogre
  6722 | D:9      | Killed a two-headed ogre
  6754 | D:9      | Reached skill level 12 in Fighting
  6755 | D:9      | Received a gift from Trog
  7031 | D:9      | Noticed a two-headed ogre
  7033 | D:9      | Killed a two-headed ogre
  7034 | D:9      | Reached XP level 11. HP: 105/105 MP: 10/10
  7207 | D:10     | Entered Level 10 of the Dungeon
  7257 | D:10     | Noticed a two-headed ogre
  7264 | D:10     | Killed a two-headed ogre
  7273 | D:10     | Noticed an eight-headed hydra
  7475 | D:10     | Killed an eight-headed hydra
  7483 | D:10     | Reached skill level 10 in Armour
  7552 | D:10     | Reached skill level 13 in Fighting
  7592 | D:10     | Noticed a two-headed ogre
  7594 | D:10     | Noticed a two-headed ogre
  7594 | D:10     | Noticed a two-headed ogre
  7594 | D:10     | Noticed Lodul
  7596 | D:10     | Noticed a two-headed ogre
  7604 | D:10     | Killed Lodul
  7611 | D:10     | Killed a two-headed ogre
  7612 | D:10     | Killed a two-headed ogre
  7615 | D:10     | Killed a two-headed ogre
  7624 | D:10     | Killed a two-headed ogre
  7989 | D:10     | Found a staircase to the Lair.
  8383 | Lair:1   | Entered Level 1 of the Lair of Beasts
  8392 | Lair:1   | Reached XP level 12. HP: 116/116 MP: 11/11
  8396 | Lair:1   | Reached skill level 14 in Fighting
  8635 | Lair:1   | Noticed a four-headed hydra
  8641 | Lair:1   | Killed a four-headed hydra
  9259 | Lair:2   | Reached skill level 15 in Fighting
  9376 | Lair:2   | Reached skill level 15 in Armour
  9475 | Lair:2   | Found a staircase to the Snake Pit.
  9679 | Lair:2   | Found a staircase to the Shoals.
 10185 | Lair:3   | Found a frozen archway.
 10204 | IceCv    | Entered an ice cave
 10214 | IceCv    | Reached ****** piety under Trog
 10215 | IceCv    | Received a gift from Trog
 10218 | IceCv    | Found a transporter.
 10230 | IceCv    | Found a transporter.
 10723 | Lair:3   | Reached XP level 13. HP: 115/127 MP: 12/12
 11407 | Lair:4   | Reached skill level 16 in Fighting
 11596 | Lair:4   | Noticed Urug
 11613 | Lair:4   | Killed Urug
 11683 | Lair:4   | Reached skill level 17 in Fighting
 12185 | Lair:5   | Found a staircase to the Slime Pits.
 12186 | Lair:5   | Found a viscous altar of Jiyva.
 12362 | Lair:5   | Received a gift from Trog
 12691 | Lair:6   | Entered Level 6 of the Lair of Beasts
 12709 | Lair:6   | Reached skill level 18 in Fighting
 12991 | Lair:6   | Reached skill level 19 in Fighting
 13320 | Lair:6   | Reached XP level 14. HP: 142/147 MP: 11/13
 13375 | Lair:6   | Reached skill level 20 in Fighting
 14106 | Snake:1  | Entered Level 1 of the Snake Pit
 14125 | Snake:1  | Reached skill level 21 in Fighting
 14653 | Snake:1  | Noticed Frances
 14664 | Snake:1  | Killed Frances
 14665 | Snake:1  | Reached skill level 5 in Dodging
 14789 | Snake:1  | Found Oriful's Antique Weapon Shop.
 15878 | Snake:2  | Found Woagof's Book Emporium.
 15884 | Snake:2  | Found Inehoas's Book Emporium.
 15884 | Snake:2  | Found Akisaucw's Magic Scroll Shoppe.
 15906 | Snake:2  | Found Ittobba's Weapon Shoppe.
 16169 | Snake:2  | Bought a scroll of enchant armour for 120 gold pieces
 16169 | Snake:2  | Bought a scroll of enchant armour for 120 gold pieces
 16218 | Snake:2  | Noticed Jorgrun
 16233 | Snake:2  | Killed Jorgrun
 16236 | Snake:2  | Reached XP level 15. HP: 120/160 MP: 8/14
 16341 | Snake:2  | Found Reara's Weapon Shop.
 16821 | Snake:2  | Reached skill level 22 in Fighting
 16826 | Snake:2  | Reached skill level 10 in Dodging
 17019 | Snake:2  | Received a gift from Trog
 19438 | Snake:3  | HP: 6/162 [naga warrior/+0 glaive (34)]
 19439 | Snake:3  | Mangled by a naga warrior

Illustrated notes

Levels and vault maps discovered:
D:1:      minmay_arrival_four_circles, layout_basic,
          hellmonk_ecumenical_altar_arch_garden
D:2:      layout_basic
D:3:      layout_basic, portal_sewer_entry_f, minmay_misc_feat_cross,
          interstate_on_off, chequers_serial_rivers_micro_a,
          minmay_randomly_rotated_circles
D:4:      layout_gridville, minmay_large_rounded_square
D:5:      layout_basic, st_stairs_14, uniq_sigmund
D:6:      layout_loops_ring, chequers_serial_rivers_small_3,
          nicolae_stop_n_shop_2, uniq_crazy_yiuf_cottage, uniq_blork_the_orc,
          uniq_duvessa
D:7:      layout_basic, nicolae_tso_carved_into_rock,
          mainiacjoe_overflow_surrounded_room, grunt_gozag_breadcrumbs,
          minmay_temple_entry_waves
D:8:      layout_rooms, kennysheep_path_1, wad_dig_loot
D:9:      layout_irregular_city, nicolae_dithmenos_shadow_blocks, erik_orc_4,
          minmay_diced_spiral
D:10:     layout_big_octagon, erik_lair_island, uniq_lodul
Lair:1:   layout_long_grid, st_stairs_5, grunt_forest_stairs_basic
Lair:2:   layout_regular_city, elwin_shoals_entry_rocks,
          minmay_snake_entry_guardpost_medium, grunt_megastairs_3,
          lemuel_fruit_tree, infiniplex_staircase_pool
Lair:3:   layout_cave_pods, portal_ice_cave_entry_ice_simulacra
Lair:4:   layout_hall_layers, uniq_urug
Lair:5:   layout_concentric_octagons, slime_altar_1,
          chequers_serial_rivers_micro_e, lookout_lair_type, grunt_megastairs_1,
          serial_bayou_shore_b, serial_bayou_shore_a
Lair:6:   gammafunk_lair_ancient_temple, layout_regular_city, grunt_megastairs_5
Snake:1:  layout_grid_maze, serial_shops, shop, uniq_frances
Snake:2:  layout_layer_cave, serial_shops, nicolae_shop_advertising_works
          [nicolae_subvault_shop_adworks], minmay_shoptagon, uniq_jorgrun
Snake:3:  layout_misc_corridors

Skill      XL: |  1  2  3  4  5  6  7  8  9 10 11 12 13 14 15 |
---------------+----------------------------------------------+-----
Axes           | 4 |  4.8
Fighting       | 4 5 6 7 8 10 12 13 15 19 21 22 | 22.7
Staves         | 1 3 5 7 8 11 13 14 | 14.0
Armour         | 8 12 16 | 16.0
Dodging        | 8 13 | 13.0

Action                   |  1- 3 |  4- 6 |  7- 9 | 10-12 | 13-15 || total
-------------------------+-------+-------+-------+-------+-------++-------
Melee: Hand axe          |    41 |       |       |       |       ||    41
       Headbutt          |     4 |    20 |    26 |   102 |   263 ||   415
       Punch             |     1 |       |       |       |       ||     1
       Quarterstaff      |    12 |   152 |   187 |   518 |  1021 ||  1890
Invok: Berserk           |       |     1 |     7 |     9 |    20 ||    37
       Trog's Hand       |       |     1 |       |     4 |     3 ||     8
  Use: Scroll            |       |       |     8 |     9 |    12 ||    29
       Potion            |       |       |       |     1 |     1 ||     2
Armor: Animal skin       |     2 |       |       |       |       ||     2
       Ring mail         |    12 |       |       |       |       ||    12
       Scale mail        |     9 |    60 |    12 |       |       ||    81
       Chain mail        |       |       |    12 |       |       ||    12
       Plate armour      |       |       |    50 |   283 |   496 ||   829
Dodge: Dodged            |    34 |    76 |    84 |   265 |   400 ||   859

Table legend: (Time is in decaauts)
 A = Elapsed time spent in this place.
 B = Non-inter-level travel time spent in this place.
 C = Inter-level travel time spent in this place.
 D = Time resting spent in this place.
 E = Time spent auto-exploring this place.
 F = Levels seen in this place.
 G = Mean time per level.
                   A        B        C        D        E       F      G
               +--------+--------+--------+--------+--------+-----+--------+
         Total |  19310 |  18643 |    667 |   2174 |  12790 |  21 |  919.5 |
       Dungeon |   7990 |   7699 |    291 |    349 |   5940 |  10 |  799.0 |
          Lair |   5125 |   4868 |    257 |    140 |   3726 |   6 |  854.2 |
     Snake Pit |   5298 |   5179 |    119 |   1361 |   2827 |   3 | 1766.0 |
         Sewer |    477 |    477 |      0 |      0 |    296 |   1 |  477.0 |
      Ice Cave |    419 |    419 |      0 |    322 |      0 |   1 |  419.0 |
               +--------+--------+--------+--------+--------+-----+--------+

Top non-repeatable levels by time:
 Snake:2: 2684 daAuts
 Snake:1: 1470 daAuts
  Lair:6: 1211 daAuts
 Snake:3: 1143 daAuts
    D:10: 975 daAuts
     D:5: 926 daAuts
     D:9: 906 daAuts
  Lair:2: 899 daAuts
     D:6: 885 daAuts
     D:2: 859 daAuts
  Lair:3: 824 daAuts
     D:3: 752 daAuts
  Lair:4: 749 daAuts
     D:7: 745 daAuts
  Lair:1: 745 daAuts
